 Dungeon Crawl Stone Soup version 0.29-a0-1052-g6990b1bffc (webtiles) character file.

Game seed: 7332824591581499174

185 Plasmagod the Cleaver (level 5, -1/45 HPs)
             Began as a Hill Orc Monk on Aug 17, 2022.
             Was a Believer of Beogh.
             Slain by a white imp (4 damage)
             ... summoned by Eustachio
             ... on level 4 of the Dungeon.
             The game lasted 00:05:06 (3396 turns).

Plasmagod the Cleaver (Hill Orc Monk)               Turns: 3396, Time: 00:05:07

Health: -1/45      AC:  7    Str: 16    XL:     5   Next: 64%
Magic:  5/5        EV:  5    Int: 10    God:    Beogh [**....]
Gold:   159        SH:  7    Dex: 13    Spells: 4/4 levels left

rFire   . . .      SeeInvis .   a - +0 hand axe
rCold   . . .      Faith    .   l - +0 kite shield
rNeg    . . .      Spirit   .   y - +0 scale mail
rPois   .          Reflect  .   x - +0 helmet
rElec   .          Harm     .   j - scarf {repulsion}
rCorr   .          Rampage  .   (no gloves)
Will    +....                   (no boots)
Stlth   ..........              u - amulet of regeneration
HPRegen 0.95/turn               n - +4 ring of slaying
MPRegen 0.09/turn               e - ring of willpower

@: grasped by roots, constricted, repel missiles
A: no striking features
a: Renounce Religion, Smiting


You were on level 4 of the Dungeon.
You worshipped Beogh.
Beogh was pleased with you.
You visited 1 branch of the dungeon, and saw 4 of its levels.

You collected 159 gold pieces.

Inventory:

Hand Weapons
 a - a +0 hand axe (weapon)
Armour
 j - a scarf of repulsion (worn)
 l - a +0 kite shield (worn)
 x - a +0 helmet (worn)
 y - a +0 scale mail (worn)
Jewellery
 e - a ring of willpower (right hand)
 n - a +4 ring of slaying (left hand)
 u - an amulet of regeneration (around neck)
Wands
 b - a wand of mindburst (18)
Scrolls
 f - 2 scrolls of vulnerability {unknown}
 i - a scroll of immolation {unknown}
 o - a scroll of poison {unknown}
 p - a scroll of blinking {unknown}
 q - a scroll of teleportation {unknown}
 t - 3 scrolls of identify {unknown}
 w - 3 scrolls of fog {unknown}
Potions
 c - a potion of ambrosia
 d - a potion of lignification {unknown}
 g - a potion of flight {unknown}
 h - a potion of curing {unknown}
 k - a potion of cancellation {unknown}
 m - a potion of haste {unknown}
 s - a potion of mutation {unknown}
 v - a potion of heal wounds {unknown}
 z - a potion of degeneration {unknown}


   Skills:
 - Level 3.6 Fighting
 + Level 8.1 Axes
 - Level 2.4 Dodging
 - Level 1.5 Stealth


You had 4 spell levels left.
You didn't know any spells.
Your spell library contained the following spells:

 Spells                   Type           Power      Damage    Failure   Level
 Portal Projectile        Hex/Tloc       0%         N/A       100%        3
 Tukima's Dance           Hex            0%         N/A       100%        3
 Blade Hands              Tmut           0%         N/A       100%        5


Dungeon Overview and Level Annotations

Branches:
Dungeon (4/15)
 Temple: D:4-7

Altars:
Elyvilon
Hepliaklqana
Zin
The Shining One

Annotations:
D:4 Eustachio, Natasha


Message History

Eustachio gestures wildly while chanting.
The adder bites you.
Natasha zaps a wand.
The roots erupt in riotous growth!
The grasping roots grab you!
Eustachio is unaffected.
The adder is unaffected.
The grasping roots constrict you.
You miss the adder.
The adder is heavily wounded.
You closely miss Eustachio. The adder bites you.
Eustachio hits you with a +0 rapier. The grasping roots constrict you.
The white imp gestures at you. You block the puff of frost.
The adder bites you but does no damage.
You slash the adder!
You kill the adder!
Beogh accepts your kill.
You hit Eustachio but do no damage.
Eustachio gestures wildly while chanting.
The grasping roots constrict you. Eustachio hits you with a +0 rapier.
You hit Eustachio.
Eustachio is moderately wounded.
You hit Natasha. You hit the white imp.
The crimson imp disappears in a puff of smoke!
Natasha claws you. The grasping roots constrict you.
Eustachio hits you but does no damage.
The grasping roots release their grip on you.
You are too injured to fight recklessly!
You completely miss Natasha.
Natasha is heavily wounded.
You completely miss Eustachio. You barely miss the white imp.
You hit the white imp but do no damage.
Natasha zaps a wand.
The roots erupt in riotous growth!
The grasping roots grab you!
The white imp is unaffected.
Eustachio is unaffected.
Natasha is unaffected.
The white imp is unaffected.
The grasping roots constrict you. The white imp gestures at you.
The puff of frost hits you!
* * * LOW HITPOINT WARNING * * *
The white imp hits you.
* * * LOW HITPOINT WARNING * * *
The white imp freezes you.
You die...

...# #. ...' .##.#
...### ..... ##### #..).
..... ..... #S..# ###..
#.......#...# # #.#
#...$...#h5ยง#####
#.######
#..._...5@@.....#
#.......
#..$....#.#####.#
####.... #...... #5#
#.### .... #.#
######....
..####^####.####
#.........
...............#
#.#####...
....###.###....##
#.#####... .
+.#.###..>.##.#.#...'...
#..........##.....###...


You could see Eustachio, Natasha, an adder and 3 white imps.

Vanquished Creatures
  Natasha (D:4)
  An iguana (D:3)
  A gnoll (D:2)
  7 adders
  A worm (D:3)
  An orc (D:3)
  7 ball pythons
  8 endoplasms
  7 giant cockroaches
  5 goblins
  5 hobgoblins
  3 quokkas
  3 bats (D:1)
  6 frilled lizards
  5 kobolds
  6 rats
67 creatures vanquished.

Vanquished Creatures (others)
  An orc priest (D:3)
  An orc (D:3)
2 creatures vanquished.

Grand Total: 69 creatures vanquished

Notes
Turn   | Place    | Note
-------+----------+-------------------------------------------
     0 | D:1      | Plasmagod the Hill Orc Monk began the quest for the Orb.
     0 | D:1      | Reached XP level 1. HP: 19/19 MP: 1/1
   155 | D:1      | Reached XP level 2. HP: 10/26 MP: 2/2
   894 | D:1      | Reached skill level 5 in Axes
  1506 | D:2      | Reached XP level 3. HP: 30/31 MP: 3/3
  1787 | D:2      | Reached skill level 6 in Axes
  2132 | D:2      | Reached XP level 4. HP: 39/39 MP: 4/4
  2804 | D:3      | Became a worshipper of Beogh the Brigand
  2804 | D:3      | Reached * piety under Beogh
  2804 | D:3      | Reached ** piety under Beogh
  2810 | D:3      | Reached skill level 7 in Axes
  2816 | D:3      | Reached XP level 5. HP: 43/45 MP: 5/5
  3092 | D:3      | Found a white marble altar of Elyvilon.
  3093 | D:3      | Found a glowing golden altar of the Shining One.
  3095 | D:3      | Found a glowing silver altar of Zin.
  3320 | D:4      | Noticed Natasha
  3328 | D:4      | Killed Natasha
  3363 | D:4      | Reached skill level 8 in Axes
  3377 | D:4      | Found a hazy altar of Hepliaklqana.
  3387 | D:4      | Noticed Eustachio
  3389 | D:4      | Noticed Natasha
  3396 | D:4      | Slain by a white imp

Illustrated notes

Levels and vault maps discovered:
D:1:      onia_arrival_pentagram, layout_basic
D:2:      layout_basic, hangedman_glass_teeth, minmay_pentomino_w4
D:3:      layout_loops_cross, dreamdust_divine_triumvirate
D:4:      layout_basic, lemuel_tele_altar, serial_shops, shop, uniq_natasha,
          uniq_eustachio, uniq_edmund

Skill      XL: |  1  2  3  4  5 |
---------------+----------------+-----
Axes           | 5 6 7 8 |  8.1
Fighting       | |  3.6
Dodging        | |  2.4
Stealth        | |  1.5

Action                   |  1- 3 |  4- 6 || total
-------------------------+-------+-------++-------
Melee: Hand axe          |   114 |    92 ||   206
Invok: Convert to Beogh  |       |     1 ||     1
 Stab: Sleeping          |     5 |       ||     5
Armor: Robe              |    20 |     3 ||    23
       Ring mail         |       |    21 ||    21
       Scale mail        |       |     4 ||     4
Dodge: Dodged            |    69 |    37 ||   106
Block: Kite shield       |     8 |    25 ||    33

Table legend: (Time is in decaauts)
 A = Elapsed time spent in this place.
 B = Non-inter-level travel time spent in this place.
 C = Inter-level travel time spent in this place.
 D = Time resting spent in this place.
 E = Time spent auto-exploring this place.
 F = Levels seen in this place.
 G = Mean time per level.
                   A        B        C        D        E       F      G
               +--------+--------+--------+--------+--------+-----+--------+
         Total |   3419 |   3361 |     58 |      0 |   2836 |   4 |  854.8 |
       Dungeon |   3419 |   3361 |     58 |      0 |   2836 |   4 |  854.8 |
               +--------+--------+--------+--------+--------+-----+--------+

Top non-repeatable levels by time:
     D:1: 1475 daAuts
     D:2: 1249 daAuts
     D:3: 576 daAuts
     D:4: 118 daAuts
